 Dungeon Crawl Stone Soup version 0.24-a0-422-g9eff389 (webtiles) character file.

Game seed: 10277805960232228089

27883 torgal the Geomancer (level 13, -3/76 HPs)
             Began as a Gargoyle Earth Elementalist on June 10, 2019.
             Was a High Priest of Vehumet.
             Slain by an entropy weaver
             ... wielding a +0 morningstar
              (15 damage)
             ... on level 5 of the Lair of Beasts on June 13, 2019.
             The game lasted 02:31:59 (15503 turns).

torgal the Geomancer (Gargoyle Earth Elementalist) Turns: 15503, Time: 02:31:59

Health: -3/76      AC: 12    Str: 14    XL:     13   Next: 35%
Magic:  21/36      EV: 11    Int: 25    God:    Vehumet [*****.]
Gold:   647        SH:  0    Dex: 10    Spells: 17/33 levels left

rFire    + . .     SeeInvis .   O - staff of wizardry
rCold    + . .     Gourm    .   (no shield)
rNeg     + . .     Faith    .   D - +3 leather armour {rF+}
rPois    ∞         Spirit   .   R - +2 hat {MR+}
rElec    +         Reflect  .   (no cloak)
rCorr    .         Harm     .   f - +1 pair of gloves
MR       +....                  q - +0 pair of boots
Stlth    ++........             c - amulet of the Thistle {RegenMP rC+}
HPRegen  0.22/turn              l - ring of magical power
MPRegen  0.50/turn              H - +6 ring of intelligence

@: about to teleport, corroded
A: negative energy resistance 1, electricity resistance, unbreathing,
petrification resistance, rot immunity, AC +9
a: Renounce Religion


You were on level 5 of the Lair of Beasts.
You worshipped Vehumet.
Vehumet was extremely pleased with you.
You were not hungry.

You visited 3 branches of the dungeon, and saw 14 of its levels.
You also visited: Ossuary.

You collected 647 gold pieces.

Inventory:

Hand Weapons
 M - a +1 mace of protection
 P - a +2 flail of holy wrath
Missiles
 j - 194 stones (quivered)
 t - 18 poisoned darts
Armour
 f - a +1 pair of gloves (worn)
 q - a +0 pair of boots (worn)
 A - a +0 robe
 D - a +3 leather armour of fire resistance (worn)
 R - a +2 hat of magic resistance (worn)
 T - a +0 pair of gloves
Magical Staves
 O - an uncursed staff of wizardry (weapon)
Jewellery
 a - a cursed ring of wizardry {unknown}
 c - the amulet of the Thistle (around neck) {RegenMP rC+}
   (You found it on level 4 of the Dungeon)

   [amulet of magic regeneration]

   It increases your magic regeneration.
   It protects you from cold.
 g - a +5 ring of intelligence
 l - a ring of magical power (left hand)
 m - an uncursed amulet of faith {unknown}
 u - a +1 ring of evasion
 H - a +6 ring of intelligence (right hand)
 X - a +3 ring of protection {unknown}
 Y - an uncursed ring of protection from magic {unknown}
Wands
 h - a wand of flame (27)
 s - a wand of clouds (2)
 v - a wand of polymorph (5)
 S - a wand of disintegration (10)
Scrolls
 b - 3 scrolls of teleportation
 e - 3 scrolls of enchant weapon
 k - a scroll of fear {unknown}
 n - a scroll of holy word {unknown}
 x - 3 scrolls of amnesia
 I - 3 scrolls of torment {unknown}
 J - 4 scrolls of remove curse
 L - a scroll of identify
 V - a scroll of brand weapon {unknown}
Potions
 i - 3 potions of might
 o - a potion of cancellation {unknown}
 r - a potion of magic {unknown}
 B - 3 potions of curing
 F - 4 potions of agility
Miscellaneous
 Q - a phial of floods
 U - a phantom mirror
Comestibles
 d - 7 rations
 w - 2 chunks of flesh


   Skills:
 + Level 6.7 Fighting
 - Level 1.7(4.2) Maces & Flails
 + Level 6.1(6.3) Staves
 - Level 1.5 Dodging
 - Level 2.1 Stealth
 + Level 10.5 Spellcasting
 + Level 12.3 Conjurations
 - Level 0.7 Transmutations
 + Level 14.8 Earth Magic


You had 17 spell levels left.
You knew the following spells:

 Your Spells              Type           Power        Failure   Level  Hunger
a - Sandblast             Erth           ######       0%          1    None
b - Stone Arrow           Conj/Erth      ######       1%          3    None
c - Passwall              Tmut/Erth      ######..     1%          2    None
d - Magic Dart            Conj           ####         1%          1    None
e - Lee's Rapid Deconstr  Erth           ######....   1%          5    ####...
f - Iskenderun's Mystic   Conj           ######..     1%          4    None

Your spell library contained the following spells:

 Spells                   Type           Power        Failure   Level  Hunger
 Shock                    Conj/Air       ####         1%          1    None
 Static Discharge         Conj/Air       #####...     1%          3    None
 Petrify                  Tmut/Erth      ######..     1%          4    None
 Lightning Bolt           Conj/Air       #####.....   1%          5    ####...
 Swiftness                Chrm/Air       ##......     3%          2    None
 Airstrike                Air            ##........   7%          4    None
 Ozocubu's Armour         Chrm/Ice       ##......     8%          3    None
 Ice Form                 Ice/Tmut       ###.....     21%         4    None


Dungeon Overview and Level Annotations

Branches:
Dungeon (8/15)             Temple (1/1) D:5            Lair (5/6) D:8
  Swamp (0/4) Lair:3       Spider (0/4) Lair:4
  Slime: Lair:5-6

Altars:
Ashenzari
Cheibriados
Dithmenos
Elyvilon
Fedhas
Gozag
Hepliaklqana
Kikubaaqudgha
Makhleb
Nemelex Xobeh
Okawaru
Qazlal
Ru
Sif Muna
Trog
Uskayaw
Vehumet
Wu Jian
Xom
Yredelemnul
Zin
The Shining One
Lugonu

Annotations:
Lair:3 3 runed translucent doors, Paleryv's ghost, journeyman DEFE
Lair:4 2 transporters, Ceirpho's ghost, journeyman GnWn


Innate Abilities, Weirdness & Mutations

You are resistant to torment.
Your stone body is resilient. (AC +9)
You are immune to poison.
You resist negative energy. (rN+)
You are resistant to electric shocks. (rElec)
You can survive without breathing.
You are immune to petrification.
You are immune to rotting.


Message History

The entropy weaver hits you but does no damage. x2
The entropy weaver hits you with a +0 morningstar!
The entropy weaver barely misses you.
The entropy weaver casts a spell.
The entropic weave corrodes you!
The entropy weaver hits you with a +0 morningstar. x2
* * * LOW HITPOINT WARNING * * *
The entropy weaver hits you with a +0 morningstar!
* * * LOW HITPOINT WARNING * * *
The entropy weaver hits you but does no damage.
As you read the scroll of teleportation, it crumbles to dust.
You feel strangely unstable.
The entropy weaver hits you but does no damage.
The entropy weaver hits you with a +0 morningstar!
* * * LOW HITPOINT WARNING * * *
The entropy weaver hits you but does no damage.
The entropy weaver barely misses you.
You feel better.
The entropy weaver hits you with a +0 morningstar!
You die...

#...........#....### #.#
#..#.......###.###.###..#
#.#..#####[.##...##..#..#
####.......##........=.#.#
##..[...#....##P.....#
##..###...####[....##
#........## ##..###
#...#...aa####.†P#
##....≈≈.@.#.##...#
##....≈≈≈≈...# #...#
#....≈≈≈≈≈≈..# ##.†.
##..≈≈≈≈≈≈≈..# ##..
##.≈≈≈≈≈≈...# ...
##..≈≈≈≈≈.<..##
#...≈≈≈≈≈≈...P#
###.≈≈≈≈≈≈≈.###
#(..≈≈≈≈...#


You could see an entropy weaver and a soldier ant.

Vanquished Creatures
  Rupert (Lair:3)
  Gastronok (D:8)
  Snorg (Lair:3)
  4 hydras
  A wolf spider (Lair:4)
  7 elephants (Lair:4)
  2 black mambas
  14 spiny frogs
  3 komodo dragons
  A rime drake (Lair:3)
  Grinder (D:4)
  Prince Ribbit (D:7)
  8 blink frogs
  5 hippogriffs
  A dream sheep (Lair:5)
  Sigmund (D:4)
  2 wyverns
  A spriggan (Lair:3)
  13 yaks
  2 basilisks
  2 hungry ghosts
  Menkaure (D:7)
  11 soldier ants
  4 porcupines
  7 water moccasins
  Duvessa (D:7)
  3 black bears
  A sky beast (D:7)
  An ice beast (D:8)
  A phantom (D:4)
  4 ogres
  3 centaurs
  8 crocodiles
  A big kobold (D:7)
  Blork the orc (D:6)
  10 bullfrogs
  6 scorpions
  Dowan (D:7)
  8 wights
  2 crimson imps (D:6)
  A bullfrog zombie (D:8)
  2 centaur zombies (D:6)
  A hound (D:8)
  A human zombie (Ossuary)
  A centaur skeleton (D:8)
  3 iguanas
  5 hell rats (Lair:4)
  9 worker ants
  4 big kobold zombies (Ossuary)
  2 mummies (Ossuary)
  A worker ant zombie (D:5)
  4 gnolls (D:4)
  12 adders
  2 shadow imps (D:5)
  An adder zombie (D:6)
  4 worms
  4 dart slugs
  5 leopard geckos
  15 orcs
  2 ball pythons
  5 giant cockroaches
  8 goblins
  A hobgoblin (D:3)
  10 jackals
  14 kobolds
  3 quokkas
  8 bats
  4 frilled lizards
  A giant cockroach zombie (D:6)
  9 hobgoblin zombies (Ossuary)
  2 jackal zombies (Ossuary)
  13 kobold zombies (Ossuary)
  5 orc zombies (Ossuary)
  5 rats
  2 rat zombies (Ossuary)
  5 plants (Lair:3)
320 creatures vanquished.

Vanquished Creatures (others)
  10 fungi
  3 plants
13 creatures vanquished.

Grand Total: 333 creatures vanquished

Notes
Turn   | Place    | Note
-------+----------+-------------------------------------------
     0 | D:1      | torgal the Gargoyle Earth Elementalist began the quest for
                  | the Orb.
     0 | D:1      | Reached XP level 1. HP: 10/10 MP: 3/3
   138 | D:1      | Reached skill level 4 in Earth Magic
   138 | D:1      | Reached XP level 2. HP: 15/15 MP: 3/5
   526 | D:1      | Reached XP level 3. HP: 13/19 MP: 2/6
   752 | D:2      | Noticed an ogre
   758 | D:2      | Killed an ogre
   758 | D:2      | Reached skill level 5 in Earth Magic
   758 | D:2      | Reached XP level 4. HP: 24/24 MP: 3/9
   763 | D:2      | Reached XP level 5. HP: 28/28 MP: 0/10
   775 | D:2      | Found a shadowy altar of Dithmenos.
  1632 | D:3      | Found a blossoming altar of Fedhas.
  1718 | D:3      | Reached skill level 6 in Earth Magic
  1817 | D:3      | Reached XP level 6. HP: 32/32 MP: 12/12
  1944 | D:3      | Found a hide-covered altar of Uskayaw.
  2194 | D:4      | Noticed Sigmund
  2788 | D:4      | Found a radiant altar of Vehumet.
  2794 | D:4      | Became a worshipper of Vehumet
  2921 | D:4      | Noticed Grinder
  2927 | D:4      | Killed Grinder
  2927 | D:4      | Reached skill level 5 in Spellcasting
  2927 | D:4      | Reached skill level 7 in Earth Magic
  2927 | D:4      | Reached XP level 7. HP: 27/36 MP: 15/15
  2940 | D:4      | Learned a level 3 spell: Stone Arrow
  2943 | D:4      | Learned a level 2 spell: Passwall
  2982 | D:4      | Reached skill level 1 in Conjurations
  3182 | D:4      | Got a flickering amethyst amulet
  3192 | D:4      | Identified the amulet of the Thistle {RegenMP rC+} (You
                  | found it on level 4 of the Dungeon)
  3245 | D:4      | Killed Sigmund
  3245 | D:4      | Reached skill level 8 in Earth Magic
  3245 | D:4      | Reached XP level 8. HP: 30/41 MP: 13/16
  3465 | D:5      | Entered Level 5 of the Dungeon
  3961 | D:5      | Found a staircase to the Ecumenical Temple.
  3968 | Temple   | Entered the Ecumenical Temple
  4252 | D:5      | Found a hazy altar of Hepliaklqana.
  4457 | D:6      | Reached * piety under Vehumet
  4457 | D:6      | Offered knowledge of Magic Dart by Vehumet.
  4469 | D:6      | Learned a level 1 spell: Magic Dart
  4742 | D:6      | Reached skill level 9 in Earth Magic
  5191 | D:6      | Noticed Blork the orc
  5197 | D:6      | Killed Blork the orc
  5256 | D:6      | Reached XP level 9. HP: 41/45 MP: 17/19
  5672 | D:7      | Reached skill level 5 in Conjurations
  5763 | D:7      | Reached skill level 1 in Maces & Flails
  5790 | D:7      | Found a snail-covered altar of Cheibriados.
  5795 | D:7      | Found a sparkling altar of Nemelex Xobeh.
  5795 | D:7      | Noticed Menkaure
  5796 | D:7      | Found a stormy altar of Qazlal.
  5796 | D:7      | Found a bloodstained altar of Trog.
  5796 | D:7      | Found a glowing golden altar of the Shining One.
  5805 | D:7      | Killed Menkaure
  5921 | D:7      | Found a sacrificial altar of Ru.
  6028 | D:7      | Noticed Dowan
  6029 | D:7      | Noticed Duvessa
  6031 | D:7      | Killed Dowan
  6031 | D:7      | Reached skill level 10 in Earth Magic
  6036 | D:7      | Killed Duvessa
  6036 | D:7      | Reached ** piety under Vehumet
  6050 | D:7      | Found a sand-covered staircase.
  6066 | Ossuary  | Entered an ossuary
  6128 | Ossuary  | Offered knowledge of Throw Flame by Vehumet.
  6266 | Ossuary  | Offered knowledge of Ignite Poison by Vehumet.
  6652 | D:7      | Noticed Prince Ribbit
  6659 | D:7      | Killed Prince Ribbit
  7126 | D:8      | Found a staircase to the Lair.
  7261 | D:8      | Found an opulent altar of Gozag.
  7267 | D:8      | Reached *** piety under Vehumet
  7275 | D:8      | Reached skill level 11 in Earth Magic
  7275 | D:8      | Reached XP level 10. HP: 46/50 MP: 12/21
  7282 | D:8      | Found a burning altar of Makhleb.
  7282 | D:8      | Found an iron altar of Okawaru.
  7290 | D:8      | Found a basalt altar of Yredelemnul.
  7546 | D:8      | Offered knowledge of Force Lance by Vehumet.
  7551 | D:8      | Found the +6 lightning scales {run, rElec}
  7647 | D:8      | Noticed Gastronok
  8992 | D:7      | Learned a level 5 spell: Lee's Rapid Deconstruction
  9044 | D:8      | Killed Gastronok
  9044 | D:8      | Reached skill level 12 in Earth Magic
  9270 | Lair:1   | Entered Level 1 of the Lair of Beasts
  9416 | Lair:1   | Noticed a spiny frog
  9423 | Lair:1   | Killed a spiny frog
  9605 | Lair:1   | Noticed a spiny frog
  9613 | Lair:1   | Killed a spiny frog
  9616 | Lair:1   | Noticed a black mamba
  9617 | Lair:1   | Reached XP level 11. HP: 51/54 MP: 12/23
  9722 | Lair:1   | Identified the Collected Works on Freezing Clay
  9789 | Lair:1   | Noticed an eight-headed hydra
  9792 | Lair:1   | Killed an eight-headed hydra
  9792 | Lair:1   | Reached skill level 10 in Conjurations
  9905 | Lair:1   | Reached skill level 13 in Earth Magic
 10319 | Lair:1   | Upgraded the game from 0.24-a0-417-g1cce26a to
                  | 0.24-a0-422-g9eff389
 10351 | Lair:2   | Noticed a seven-headed hydra
 10355 | Lair:2   | Reached skill level 1 in Fighting
 10428 | Lair:1   | Killed a seven-headed hydra
 10428 | Lair:1   | Reached skill level 1 in Staves
 10939 | Lair:2   | Noticed a four-headed hydra
 10979 | Lair:2   | Killed a four-headed hydra
 11338 | Lair:2   | Reached **** piety under Vehumet
 11405 | Lair:2   | Reached XP level 12. HP: 64/64 MP: 23/25
 11624 | Lair:2   | Offered knowledge of Throw Icicle by Vehumet.
 12300 | Lair:3   | Noticed Snorg
 12303 | Lair:3   | Killed Snorg
 12341 | Lair:3   | Reached skill level 14 in Earth Magic
 12384 | Lair:3   | Noticed Rupert
 12394 | Lair:3   | Paralysed by Rupert for 7 turns
 12407 | Lair:3   | Killed Rupert
 12628 | Lair:3   | Noticed Paleryv's ghost (journeyman DEFE)
 12657 | Lair:3   | Found a runed translucent gate.
 12657 | Lair:3   | Found a runed translucent gate.
 12657 | Lair:3   | Found a runed translucent gate.
 12677 | Lair:3   | Reached skill level 5 in Fighting
 12731 | Lair:3   | Reached skill level 10 in Spellcasting
 12838 | Lair:3   | Found a staircase to the Swamp.
 13676 | Lair:4   | You fall into a shaft and drop 1 floor!
 13676 | Lair:5   | Noticed a queen ant
 13676 | Lair:5   | Noticed an entropy weaver
 13717 | Lair:5   | Reached skill level 5 in Staves
 13723 | Lair:5   | Noticed a seven-headed hydra
 13947 | Lair:4   | Found a transporter.
 13947 | Lair:4   | Noticed Ceirpho's ghost (journeyman GnWn)
 14098 | Lair:4   | Reached ***** piety under Vehumet
 14098 | Lair:4   | Reached XP level 13. HP: 74/74 MP: 15/27
 14102 | Lair:4   | Offered knowledge of Iskenderun's Mystic Blast by Vehumet.
 14108 | Lair:4   | Learned a level 4 spell: Iskenderun's Mystic Blast
 14254 | Lair:4   | Found a hole to the Spider Nest.
 14510 | Lair:4   | Found a transporter.
 15483 | Lair:5   | Noticed an entropy weaver
 15503 | Lair:5   | Slain by an entropy weaver

Levels and vault maps discovered:
D:1:      minmay_arrival_semitransparent, layout_loops_ring
D:2:      layout_basic, lemuel_round_altar, first_ration
D:3:      layout_basic, fedhas_altar_4, lemuel_round_altar
D:4:      layout_cave_pools, lemuel_crystal_altar, uniq_grinder, uniq_sigmund
D:5:      layout_loops_corners, marbit_many_paths, temple_statues,
          grunt_ministairs_6, hex_tiny, hangedman_glass_teeth
D:6:      layout_basic, uniq_blork_the_orc
D:7:      layout_basic, nicolae_ru_the_path_less_chosen,
          grunt_temple_overflow_open, enter_ossuary_2, uniq_menkaure,
          uniq_duvessa, uniq_prince_ribbit1
D:8:      minmay_the_grid_four_pointed_star [minmay_the_grid_triangle_9x9_steps,
          minmay_the_grid_triangle_9x9_alien,
          minmay_the_grid_triangle_9x9_impossible_snake,
          minmay_the_grid_triangle_9x9_zippers_horizontal,
          minmay_the_grid_prize_four_corners_diamond_a], layout_basic,
          chequers_temple_overflow_statue_of_worship, yredelemnul_altar_generic,
          dpeg_oklobed_lair, uniq_gastronok
Temple:   corrupted_temple
Lair:1:   layout_regular_city, beast_lair_carwin_11
Lair:2:   layout_layer_cave
Lair:3:   layout_regular_city, swamp_mist_pool, gammafunk_ghost_icy,
          wad_woods_03, lemuel_fruit_fields, uniq_snorg, uniq_rupert
Lair:4:   layout_cave_pods, spider_nest_entry_rubble,
          gammafunk_ghost_berserking_beasts, beast_lair_carwin_6
Lair:5:   layout_layer_cave, chequers_serial_rivers_room_b, minivault_29,
          grunt_megastairs_2, infiniplex_staircase_pool

Skill      XL: |  1  2  3  4  5  6  7  8  9 10 11 12 13 |
---------------+----------------------------------------+-----
Earth Magic    | 4 5 6 7 8 9 11 12 13 14 | 14.8
Spellcasting   | 3 4 5 6 7 8 9 10 | 10.5
Conjurations   | 2 4 7 9 11 12 | 12.3
Maces & Flails | 1 |  1.7
Fighting       | 3 5 6 |  6.7
Staves         | 2 5 6 |  6.1
Dodging        | |  1.5
Stealth        | |  2.1
Transmutations | |  0.7

Action                   |  1- 3 |  4- 6 |  7- 9 | 10-12 | 13-15 || total
-------------------------+-------+-------+-------+-------+-------++-------
Melee: Unarmed           |     7 |       |       |       |       ||     7
       Dagger            |     3 |       |       |       |       ||     3
       Club              |    17 |    11 |       |       |       ||    28
       Mace              |       |    11 |    96 |    12 |     1 ||   120
       Staff             |       |       |       |    66 |     4 ||    70
       Flail             |       |       |       |    84 |       ||    84
 Fire: Hunting sling     |       |    13 |       |       |       ||    13
Throw: Dart              |       |     4 |       |       |       ||     4
 Cast: Sandblast         |    28 |    73 |     5 |       |     1 ||   107
       Stone Arrow       |       |       |   181 |   154 |     7 ||   342
       Magic Dart        |       |       |    13 |    17 |     2 ||    32
       Lee's Rapid Decon |       |       |       |    76 |    18 ||    94
       Iskenderun's Myst |       |       |       |       |    40 ||    40
Evoke: Wand              |       |       |       |     4 |       ||     4
  Use: Scroll            |       |     8 |     3 |    12 |     1 ||    24
       Potion            |       |       |       |     5 |     3 ||     8
 Stab: Sleeping          |     1 |     1 |       |       |       ||     2
  Eat: Chunk             |       |     5 |     1 |     9 |       ||    15
       Ration            |       |     1 |     5 |     8 |     2 ||    16
Armor: Robe              |    14 |       |       |       |       ||    14
       Leather armour    |       |    21 |    58 |   130 |    60 ||   269
       Skin              |       |       |    17 |     9 |       ||    26
Dodge: Dodged            |    31 |    42 |   103 |   131 |    44 ||   351

Table legend:
 A = Non-vault XP
 B = Vault XP
 C = Vault XP percentage of total XP
 D = Non-vault monster count
 E = Vault monster count
 F = Vault count percentage of total count
                 A         B        C        D         E       F
            +---------+---------+-------+---------+---------+-------
      Total |   24106 |   15728 |  39.5 |     218 |      97 |  30.8
            +---------+---------+-------+---------+---------+-------
        D:1 |      44 |       0 |   0.0 |      22 |       0 |   0.0
        D:2 |     200 |       0 |   0.0 |      22 |       0 |   0.0
        D:3 |     118 |       0 |   0.0 |      22 |       0 |   0.0
        D:4 |     379 |     504 |  57.1 |      17 |       2 |  10.5
        D:5 |     116 |      19 |  14.1 |       8 |       5 |  38.5
        D:6 |    1021 |      94 |   8.4 |      24 |       1 |   4.0
        D:7 |     825 |     787 |  48.8 |      14 |       5 |  26.3
        D:8 |     878 |    3051 |  77.7 |       9 |      13 |  59.1
     Lair:1 |    5162 |     951 |  15.6 |      18 |       3 |  14.3
     Lair:2 |    6423 |       0 |   0.0 |      23 |       0 |   0.0
     Lair:3 |    2872 |    4272 |  59.8 |      11 |       4 |  26.7
     Lair:4 |    3772 |    3502 |  48.1 |      17 |      12 |  41.4
     Lair:5 |    2296 |    2335 |  50.4 |      11 |      14 |  56.0
    Ossuary |       0 |     213 | 100.0 |       0 |      38 | 100.0
            +---------+---------+-------+---------+---------+-------
